NYP
SPOKANE INDIANS @ HUDSON VALLEY RENEGADES
05/29/2045
 
TOP OF THE 1ST
Spokane Indians batting - Pitching for Hudson Valley Renegades : RHP Kevin Stewart
Pitching: RHP Kevin Stewart
Batting: RHB Dennis Daniels 0-0: Ball
1-0: SINGLE (Groundball, 6M, EV 108.1 MPH) (infield hit)
Batting: RHB Andrew Clarke 0-0: Ball
1-0: Called Strike
1-1: Ball
2-1: Called Strike
2-2: SINGLE (Groundball, 56D, EV 106.2 MPH)
Dennis Daniels to second
Batting: RHB Jesse White 0-0: Called Strike
0-1: Called Strike
Dennis Daniels steals 3rd, throwing error, E2
Dennis Daniels scores
Andrew Clarke to third
0-2: Ball
1-2: Fly out, F8 (Flyball, 78M, EV 84.4 MPH)
Batting: RHB Dale Aubrey 0-0: Called Strike
0-1: Foul Ball, location: 2F
0-2: Strikes out swinging
Batting: LHB Antonio Domingues 0-0: Called Strike
0-1: Foul Ball, location: 2F
0-2: Ground out 6-3 (Groundball, 56, EV 91.9 MPH)
Top of the 1st over - 1 run, 2 hits, 1 error, 1 left on base; Spokane 1 - Hudson Valley 0
BOTTOM OF THE 1ST
Hudson Valley Renegades batting - Pitching for Spokane Indians : LHP Leonor Bem
Pitching: LHP Leonor Bem
Batting: SHB Chris Lockart 0-0: Ball
1-0: Ball
2-0: Fly out, F4 (Line Drive, 4, EV 71.9 MPH)
Batting: RHB Chris Thorson 0-0: Ball
1-0: Swinging Strike
1-1: Ball
2-1: Ball
3-1: Called Strike
3-2: DOUBLE (Line Drive, 89D, EV 99.4 MPH)
Batting: RHB Eddie Zamora 0-0: Ground out 6-3 (Groundball, 6, EV 77.5 MPH)
Chris Thorson to third
Batting: SHB Suljo Dokic 0-0: Foul Ball, location: 2F
0-1: Called Strike
0-2: Ground out U3 (Groundball, 13, EV 78.1 MPH)
Bottom of the 1st over - 0 runs, 1 hit, 0 errors, 1 left on base; Spokane 1 - Hudson Valley 0
TOP OF THE 2ND
Spokane Indians batting - Pitching for Hudson Valley Renegades : RHP Kevin Stewart
Batting: LHB Mike Sammons 0-0: Foul Ball, location: 2F
0-1: Foul Ball, location: 2F
0-2: Ball
1-2: Ground out 4-3 (Groundball, 4, EV 85.0 MPH)
Batting: LHB Dave Doughty 0-0: Ball
1-0: Called Strike
1-1: SINGLE (Line Drive, 4MD, EV 94.4 MPH)
Batting: RHB Zi-jing Wang 0-0: Fly out, F9 (Flyball, 9, EV 89.4 MPH)
Batting: RHB Shoh Tanioka 0-0: Ball
Wild Pitch!
Dave Doughty to second
1-0: Swinging Strike
1-1: Ball
2-1: Foul Ball, location: 2F
2-2: Foul Ball, location: 2F
2-2: Strikes out swinging
Top of the 2nd over - 0 runs, 1 hit, 0 errors, 1 left on base; Spokane 1 - Hudson Valley 0
BOTTOM OF THE 2ND
Hudson Valley Renegades batting - Pitching for Spokane Indians : LHP Leonor Bem
Batting: LHB Brian Hollinger 0-0: Ball
1-0: Foul Ball, location: 2F
1-1: Fly out, F9 (Flyball, 9D, EV 96.2 MPH)
Batting: RHB Kunizo Yanagisawa 0-0: Ball
1-0: Swinging Strike
1-1: Ball
2-1: Swinging Strike
2-2: Ball
3-2: Ground out 5-3 (Groundball, 56S, EV 89.4 MPH)
Batting: LHB Dan Hunt 0-0: Called Strike
0-1: Swinging Strike
0-2: Strikes out looking
Bottom of the 2nd over - 0 runs, 0 hits, 0 errors, 0 left on base; Spokane 1 - Hudson Valley 0
TOP OF THE 3RD
Spokane Indians batting - Pitching for Hudson Valley Renegades : RHP Kevin Stewart
Batting: RHB Dennis Daniels 0-0: Ball
1-0: Ball
2-0: Called Strike
2-1: Ball
3-1: Base on Balls
Batting: RHB Andrew Clarke 0-0: Called Strike
0-1: Ball
1-1: Foul Ball, location: 2F
1-2: Ball
2-2: Ball
3-2: Strikes out looking
Dennis Daniels steals 2nd base
Batter strikes out.
Batting: RHB Jesse White 0-0: Ball
Dennis Daniels steals 3rd base (no throw)
1-0: SINGLE (Groundball, 6MD, EV 104.4 MPH)
Dennis Daniels scores
Batting: RHB Dale Aubrey 0-0: Fly out, F8 (Line Drive, 8RD, EV 90.0 MPH)
Batting: LHB Antonio Domingues 0-0: Ball
1-0: Foul Ball, location: 2F
1-1: Foul Ball, location: 2F
1-2: Ball
2-2: Foul Ball, location: 2F
2-2: Fly out, F8 (Flyball, 8RXD, EV 93.8 MPH)
Top of the 3rd over - 1 run, 1 hit, 0 errors, 1 left on base; Spokane 2 - Hudson Valley 0
BOTTOM OF THE 3RD
Hudson Valley Renegades batting - Pitching for Spokane Indians : LHP Leonor Bem
Batting: LHB Alex Genao 0-0: Called Strike
0-1: Fly out, F2 (Popup, 15S, EV 87.5 MPH)
Batting: RHB Eric Waugaman 0-0: Reached on error, E1 (Groundball, 15S, EV 75.6 MPH)
Batting: SHB Chris Lockart 0-0: Called Strike
0-1: Foul Ball, location: 2F
0-2: Foul Ball, location: 2F
0-2: Ball
1-2: Foul Ball, location: 2F
1-2: Ball
2-2: Strikes out swinging
Batting: RHB Chris Thorson 0-0: Ball
1-0: Ball
2-0: Ball
3-0: Called Strike
3-1: Called Strike
3-2: Foul Ball, location: 2F
3-2: Fly out, F8 (Flyball, 8LXD, EV 106.2 MPH)
Bottom of the 3rd over - 0 runs, 0 hits, 1 error, 1 left on base; Spokane 2 - Hudson Valley 0
TOP OF THE 4TH
Spokane Indians batting - Pitching for Hudson Valley Renegades : RHP Kevin Stewart
Batting: LHB Mike Sammons 0-0: Ball
1-0: Called Strike
1-1: Ground out 6-3 (Groundball, 6MS, EV 91.2 MPH)
Batting: LHB Dave Doughty 0-0: Ball
1-0: Called Strike
1-1: SOLO HOME RUN (Flyball, 9LD, EV 93.8 MPH), Distance : 349 ft
Batting: RHB Zi-jing Wang 0-0: Foul Ball, location: 2F
0-1: Ball
1-1: Ball
2-1: Foul Ball, location: 2F
2-2: Ground out 1-3 (Groundball, 13S, EV 72.5 MPH)
Batting: RHB Shoh Tanioka 0-0: Called Strike
0-1: Ball
1-1: Ball
2-1: Foul Ball, location: 2F
2-2: Ball
3-2: Fly out, F7 (Flyball, 7, EV 90.6 MPH)
Top of the 4th over - 1 run, 1 hit, 0 errors, 0 left on base; Spokane 3 - Hudson Valley 0
BOTTOM OF THE 4TH
Hudson Valley Renegades batting - Pitching for Spokane Indians : LHP Leonor Bem
Batting: RHB Eddie Zamora 0-0: Ground out 6-3 (Groundball, 6, EV 86.2 MPH)
Batting: SHB Suljo Dokic 0-0: Called Strike
0-1: Ball
1-1: Ball
2-1: Foul Ball, location: 2F
2-2: Fly out, F8 (Flyball, 89D, EV 99.4 MPH)
Batting: LHB Brian Hollinger 0-0: Foul Ball, location: 2F
0-1: Fly out, F8 (Flyball, 8LM, EV 76.9 MPH)
Bottom of the 4th over - 0 runs, 0 hits, 0 errors, 0 left on base; Spokane 3 - Hudson Valley 0
TOP OF THE 5TH
Spokane Indians batting - Pitching for Hudson Valley Renegades : RHP Kevin Stewart
Batting: RHB Dennis Daniels 0-0: Ball
1-0: Foul Ball, location: 2F
1-1: Called Strike
1-2: Strikes out looking
Batting: RHB Andrew Clarke 0-0: Ball
1-0: Foul Ball, location: 2F
1-1: Called Strike
1-2: Ball
2-2: Ground out U3 (Groundball, 34S, EV 88.1 MPH)
Batting: RHB Jesse White 0-0: Ground out 5-3 (Groundball, 56, EV 108.1 MPH)
Top of the 5th over - 0 runs, 0 hits, 0 errors, 0 left on base; Spokane 3 - Hudson Valley 0
BOTTOM OF THE 5TH
Hudson Valley Renegades batting - Pitching for Spokane Indians : LHP Leonor Bem
Batting: RHB Kunizo Yanagisawa 0-0: Ball
1-0: Foul Ball, location: 2F
1-1: Swinging Strike
1-2: Foul Ball, location: 2F
1-2: Strikes out looking
Batting: LHB Dan Hunt 0-0: Ball
1-0: Called Strike
1-1: Called Strike
1-2: Fly out, F8 (Flyball, 89M, EV 97.5 MPH)
Batting: LHB Alex Genao 0-0: Ball
1-0: Ball
2-0: Swinging Strike
2-1: Called Strike
2-2: Strikes out swinging
Bottom of the 5th over - 0 runs, 0 hits, 0 errors, 0 left on base; Spokane 3 - Hudson Valley 0
TOP OF THE 6TH
Spokane Indians batting - Pitching for Hudson Valley Renegades : RHP Kevin Stewart
Batting: RHB Dale Aubrey 0-0: Called Strike
0-1: Swinging Strike
0-2: Foul Ball, location: 2F
0-2: Ball
1-2: Strikes out looking
Batting: LHB Antonio Domingues 0-0: Foul Ball, location: 2F
0-1: Ball
1-1: Foul Ball, location: 2F
1-2: Ball
2-2: Foul Ball, location: 2F
2-2: Ball
3-2: Fly out, F2 (Popup, 23F, EV 93.1 MPH)
Batting: LHB Mike Sammons 0-0: Ball
1-0: Ball
2-0: Ball
3-0: Base on Balls
Pitching: RHP Kingo Tsutsumi
Batting: LHB Dave Doughty 0-0: Called Strike
0-1: Ball
1-1: Called Strike
1-2: Ball
Passed Ball!
Mike Sammons to second
2-2: Strikes out swinging
Top of the 6th over - 0 runs, 0 hits, 0 errors, 1 left on base; Spokane 3 - Hudson Valley 0
BOTTOM OF THE 6TH
Hudson Valley Renegades batting - Pitching for Spokane Indians : LHP Leonor Bem
Batting: RHB Eric Waugaman 0-0: Called Strike
0-1: Foul Ball, location: 2F
0-2: Ground out 6-3 (Groundball, 6, EV 105.0 MPH)
Batting: SHB Chris Lockart 0-0: Called Strike
0-1: Foul Ball, location: 2F
0-2: Ball
1-2: Foul Ball, location: 2F
1-2: Strikes out swinging
Batting: RHB Chris Thorson 0-0: Called Strike
0-1: Foul Ball, location: 2F
0-2: Ball
1-2: Ball
2-2: Foul Ball, location: 2F
2-2: Foul Ball, location: 2F
2-2: Ball
3-2: Fly out, F9 (Line Drive, 9, EV 93.1 MPH)
Bottom of the 6th over - 0 runs, 0 hits, 0 errors, 0 left on base; Spokane 3 - Hudson Valley 0
TOP OF THE 7TH
Spokane Indians batting - Pitching for Hudson Valley Renegades : RHP Kingo Tsutsumi
Batting: RHB Zi-jing Wang 0-0: Ball
1-0: Called Strike
1-1: Fly out, F9 (Line Drive, 9, EV 95.0 MPH)
Batting: RHB Shoh Tanioka 0-0: Swinging Strike
0-1: Ball
1-1: Swinging Strike
1-2: Strikes out swinging
Batting: RHB Dennis Daniels 0-0: Ball
1-0: Ball
2-0: Called Strike
2-1: Foul Ball, location: 2F
2-2: Ball
3-2: Strikes out swinging
Top of the 7th over - 0 runs, 0 hits, 0 errors, 0 left on base; Spokane 3 - Hudson Valley 0
BOTTOM OF THE 7TH
Hudson Valley Renegades batting - Pitching for Spokane Indians : LHP Leonor Bem
Batting: RHB Eddie Zamora 0-0: DOUBLE (Line Drive, 89XD, EV 100.0 MPH)
Batting: SHB Suljo Dokic 0-0: Swinging Strike
0-1: Called Strike
0-2: Strikes out swinging
Batting: LHB Brian Hollinger 0-0: Ball
Balk!
Eddie Zamora to third
1-0: Fly out, F5 (Popup, 56S, EV 74.4 MPH)
Batting: RHB Kunizo Yanagisawa 0-0: Swinging Strike
0-1: Ground out 6-3 (Groundball, 6, EV 101.2 MPH)
Bottom of the 7th over - 0 runs, 1 hit, 0 errors, 1 left on base; Spokane 3 - Hudson Valley 0
TOP OF THE 8TH
Spokane Indians batting - Pitching for Hudson Valley Renegades : RHP Kingo Tsutsumi
Batting: RHB Andrew Clarke 0-0: Foul Ball, location: 2F
0-1: Swinging Strike
0-2: Ball
1-2: Ball
2-2: Foul Ball, location: 2F
2-2: Foul Ball, location: 2F
2-2: Foul Ball, location: 2F
2-2: Foul Ball, location: 2F
2-2: Ball
3-2: DOUBLE (Line Drive, 3D, EV 98.1 MPH)
Batting: RHB Jesse White 0-0: Intentional Walk
Batting: RHB Dale Aubrey 0-0: Called Strike
0-1: Ball
1-1: Swinging Strike
1-2: Strikes out swinging
Pitching: LHP Hugo Aquino
Batting: LHB Antonio Domingues 0-0: Ball
1-0: Fly out, F8 (Flyball, 8RXD, EV 95.0 MPH)
Runner from 2nd tags up, SAFE at 3rd, no throw by CF
Batting: LHB Mike Sammons 0-0: Ball
1-0: Foul Ball, location: 2F
1-1: Ball
2-1: Foul Ball, location: 2F
2-2: SINGLE (Groundball, 56, EV 95.0 MPH)
Andrew Clarke scores
Jesse White to second
Batting: LHB Dave Doughty 0-0: Ball
1-0: Fly out, F8 (Flyball, 8RXD, EV 97.5 MPH)
Top of the 8th over - 1 run, 2 hits, 0 errors, 2 left on base; Spokane 4 - Hudson Valley 0
BOTTOM OF THE 8TH
Hudson Valley Renegades batting - Pitching for Spokane Indians : LHP Leonor Bem
Batting: LHB Dan Hunt 0-0: Ball
1-0: Swinging Strike
1-1: Foul Ball, location: 2F
1-2: Ball
2-2: Ball
3-2: SINGLE (Flyball, 8RS, EV 86.9 MPH)
Batting: LHB Alex Genao 0-0: Fly out, F8 (Line Drive, 8RD, EV 88.8 MPH)
Batting: RHB Eric Waugaman 0-0: Ball
1-0: Swinging Strike
1-1: Ball
2-1: Called Strike
2-2: Ball
3-2: Foul Ball, location: 2F
3-2: Grounds into double play, 6-4-3 (Groundball, 6, EV 103.8 MPH)
Bottom of the 8th over - 0 runs, 1 hit, 0 errors, 0 left on base; Spokane 4 - Hudson Valley 0
TOP OF THE 9TH
Spokane Indians batting - Pitching for Hudson Valley Renegades : LHP Hugo Aquino
Pitching: RHP Pablo Maravilla
Batting: RHB Zi-jing Wang 0-0: Ball
1-0: Called Strike
1-1: Called Strike
1-2: Foul Ball, location: 2F
1-2: Fly out, F9 (Flyball, 9, EV 86.2 MPH)
Batting: RHB Shoh Tanioka 0-0: Foul Ball, location: 2F
0-1: SINGLE (Line Drive, 34D, EV 94.4 MPH)
Batting: RHB Dennis Daniels 0-0: Ball
1-0: Called Strike
1-1: Called Strike
1-2: Ball
2-2: Ball
3-2: Foul Ball, location: 2F
3-2: Foul Ball, location: 2F
3-2: Foul Ball, location: 2F
3-2: Base on Balls
Shoh Tanioka to second
Batting: RHB Andrew Clarke 0-0: Ball
1-0: Swinging Strike
1-1: Swinging Strike
1-2: Strikes out swinging
Batting: RHB Jesse White 0-0: Swinging Strike
0-1: Foul Ball, location: 2F
0-2: Ball
1-2: Ball
2-2: DOUBLE (Flyball, 7LD, EV 105.0 MPH)
Shoh Tanioka scores
Dennis Daniels to third
Runner from 3rd tries for Home, SAFE, throw by LF to home
Batting: RHB Dale Aubrey 0-0: Ball
1-0: Ball
2-0: Ball
3-0: Called Strike
3-1: Swinging Strike
3-2: Base on Balls
Batting: LHB Antonio Domingues 0-0: Foul Ball, location: 2F
0-1: Fielders Choice at 2nd, U4 (Groundball, 4M, EV 85.0 MPH)
Top of the 9th over - 2 runs, 2 hits, 0 errors, 2 left on base; Spokane 6 - Hudson Valley 0
BOTTOM OF THE 9TH
Hudson Valley Renegades batting - Pitching for Spokane Indians : LHP Leonor Bem
Now at 2B: Knud Prins
Batting: SHB Chris Lockart 0-0: Called Strike
0-1: Foul Ball, location: 2F
0-2: Foul Ball, location: 2F
0-2: Foul Ball, location: 2F
0-2: Ball
1-2: DOUBLE (Flyball, 8LXD, EV 103.8 MPH)
Pitching: LHP Ryan Fulford
Batting: RHB Chris Thorson 0-0: Called Strike
0-1: Swinging Strike
0-2: Strikes out swinging
Batting: RHB Eddie Zamora 0-0: Ball
1-0: Ball
2-0: Called Strike
2-1: Ground out 6-3 (Groundball, 6, EV 98.8 MPH)
Batting: SHB Suljo Dokic 0-0: Called Strike
0-1: Ball
1-1: Swinging Strike
1-2: Foul Ball, location: 2F
1-2: Ball
2-2: Ball
3-2: Foul Ball, location: 2F
3-2: Foul Ball, location: 2F
3-2: Strikes out swinging
Bottom of the 9th over - 0 runs, 1 hit, 0 errors, 1 left on base; Spokane 6 - Hudson Valley 0
Wednesday, June 22nd , 2022 - OOTP Baseball 23.4 Build 64